NCAA
RUTGERS SCARLET KNIGHTS @ LOUISIANA STATE TIGERS
04/21/2028
 
TOP OF THE 1ST
Rutgers Scarlet Knights batting - Pitching for Louisiana State Tigers : RHP Mark Cox
Pitching: RHP Mark Cox
Batting: LHB Dave Watkins 0-0: Foul Ball, location: 2F
0-1: Ball
1-1: TRIPLE (Flyball, 8RXD)
Batting: RHB Howard Battle 0-0: Fly out, F7 (Flyball, 7LM)
Runner from 3rd tags up, SCORES, no throw
Batting: LHB Carlos Hernández 0-0: Foul Ball, location: 2F
0-1: Ball
1-1: Ball
2-1: Ball
3-1: Base on Balls
Batting: RHB Chris Barker 0-0: Ball
1-0: Ball
2-0: SINGLE (Flyball, 78S)
Carlos Hernández to second
Batting: RHB Eric Green 0-0: Ball
Wild Pitch!
Carlos Hernández to third
Chris Barker to second
1-0: Called Strike
1-1: Called Strike
1-2: Foul Ball, location: 2F
1-2: Strikes out swinging
Batting: LHB Zander Rutherford 0-0: Called Strike
0-1: Foul Ball, location: 2F
0-2: Strikes out swinging
Top of the 1st over - 1 run(s), 2 hit(s), 0 error(s), 2 left on base; Rutgers 1 - Louisiana State 0
BOTTOM OF THE 1ST
Louisiana State Tigers batting - Pitching for Rutgers Scarlet Knights : LHP Júlio Ariza
Pitching: LHP Júlio Ariza
Batting: RHB Jeff Buck 0-0: Ball
1-0: Ball
2-0: Called Strike
2-1: Ball
3-1: Swinging Strike
3-2: Base on Balls
Batting: RHB John Howell 0-0: Called Strike
0-1: Fly out, F6 (Line Drive, 6)
Batting: LHB Ronald Wallace 0-0: Called Strike
0-1: Ball
1-1: Ball
2-1: Swinging Strike
2-2: Strikes out swinging
Batting: RHB José López 0-0: Ball
1-0: Ball
2-0: Ball
3-0: Called Strike
3-1: Fielders Choice at 2nd, 6-4 (Groundball, 6)
Bottom of the 1st over - 0 run(s), 0 hit(s), 0 error(s), 0 left on base; Rutgers 1 - Louisiana State 0
TOP OF THE 2ND
Rutgers Scarlet Knights batting - Pitching for Louisiana State Tigers : RHP Mark Cox
Batting: RHB Joseph McCarteney 0-0: Foul Ball, location: 2F
0-1: SINGLE (Groundball, 4MD)
Batting: RHB Harry Wilkins 0-0: Swinging Strike
0-1: Swinging Strike
0-2: Ball
1-2: Strikes out swinging
Batting: RHB Jesús León 0-0: Ball
1-0: Called Strike
1-1: Ball
2-1: Ball
3-1: Called Strike
Joseph McCarteney is caught stealing 2nd base
3-2: Foul Ball, location: 2F
3-2: Ground out 6-3 (Groundball, 6MS)
Top of the 2nd over - 0 run(s), 1 hit(s), 0 error(s), 0 left on base; Rutgers 1 - Louisiana State 0
BOTTOM OF THE 2ND
Louisiana State Tigers batting - Pitching for Rutgers Scarlet Knights : LHP Júlio Ariza
Batting: RHB Jonathan Jackson 0-0: Ball
1-0: Foul Ball, location: 2F
1-1: Ball
2-1: Swinging Strike
2-2: Ball
3-2: Foul Ball, location: 2F
3-2: Ground out 5-3 (Groundball, 56S)
Batting: RHB Jacob Glasspool 0-0: Foul Ball, location: 2F
0-1: Ball
1-1: Ball
2-1: Foul Ball, location: 2F
2-2: Strikes out swinging
Batting: RHB Tony Young 0-0: Swinging Strike
0-1: Ball
1-1: Ground out 4-3 (Groundball, 34)
Bottom of the 2nd over - 0 run(s), 0 hit(s), 0 error(s), 0 left on base; Rutgers 1 - Louisiana State 0
TOP OF THE 3RD
Rutgers Scarlet Knights batting - Pitching for Louisiana State Tigers : RHP Mark Cox
Batting: LHB Dave Watkins 0-0: Ground out U3 (Groundball, 3L)
Batting: RHB Howard Battle 0-0: Ball
1-0: Foul Ball, location: 2F
1-1: Foul Ball, location: 2F
1-2: Fly out, F4 (Line Drive, 34)
Batting: LHB Carlos Hernández 0-0: Foul Ball, location: 2F
0-1: Called Strike
0-2: Ball
1-2: Ball
2-2: Foul Ball, location: 2F
2-2: Foul Ball, location: 2F
2-2: Strikes out swinging, 2-3 out at first.
Top of the 3rd over - 0 run(s), 0 hit(s), 0 error(s), 0 left on base; Rutgers 1 - Louisiana State 0
BOTTOM OF THE 3RD
Louisiana State Tigers batting - Pitching for Rutgers Scarlet Knights : LHP Júlio Ariza
Batting: RHB Ernesto Quintero 0-0: Fly out, F8 (Flyball, 89M)
Batting: RHB Mike Cooley 0-0: Called Strike
0-1: Ball
1-1: Foul Ball, location: 2F
1-2: Strikes out swinging
Batting: RHB Jeff Buck 0-0: Ball
1-0: Ground out 5-3 (Groundball, 56)
Bottom of the 3rd over - 0 run(s), 0 hit(s), 0 error(s), 0 left on base; Rutgers 1 - Louisiana State 0
TOP OF THE 4TH
Rutgers Scarlet Knights batting - Pitching for Louisiana State Tigers : RHP Mark Cox
Batting: RHB Chris Barker 0-0: Ball
1-0: Ball
2-0: SINGLE (Line Drive, 7LM)
Batting: RHB Eric Green 0-0: Ball
1-0: Ball
2-0: SINGLE (Groundball, 4MD)
Chris Barker to second
Batting: LHB Zander Rutherford 0-0: Ball
1-0: Ball
2-0: Called Strike
2-1: Foul Ball, location: 2F
2-2: Fly out, F8 (Line Drive, 8RM)
Batting: RHB Joseph McCarteney 0-0: Foul Ball, location: 2F
0-1: SINGLE (Flyball, 9LS)
Chris Barker to third
Eric Green to second
Batting: RHB Harry Wilkins 0-0: Foul Ball, location: 2F
0-1: Called Strike
0-2: Ball
1-2: Ball
2-2: SINGLE (Flyball, 78S)
Chris Barker scores
Eric Green to third
Joseph McCarteney to second
Batting: RHB Jesús León 0-0: Called Strike
0-1: Called Strike
0-2: Foul Ball, location: 2F
0-2: Ball
1-2: Foul Ball, location: 2F
1-2: Strikes out swinging
Batting: LHB Dave Watkins 0-0: Called Strike
0-1: Foul Ball, location: 2F
0-2: Ground out 3-1 (Groundball, 3D)
Top of the 4th over - 1 run(s), 4 hit(s), 0 error(s), 3 left on base; Rutgers 2 - Louisiana State 0
BOTTOM OF THE 4TH
Louisiana State Tigers batting - Pitching for Rutgers Scarlet Knights : LHP Júlio Ariza
Batting: RHB John Howell 0-0: Called Strike
0-1: Foul Ball, location: 2F
0-2: Ball
1-2: Foul Ball, location: 2F
1-2: Ball
2-2: Foul Ball, location: 2F
2-2: Ball
3-2: Foul Ball, location: 2F
3-2: SINGLE (Groundball, 56D)
Batting: LHB Ronald Wallace 0-0: Ball
John Howell is caught stealing 2nd base
1-0: Called Strike
1-1: Ball
2-1: Ground out 6-3 (Groundball, 6M)
Batting: RHB José López 0-0: Ball
1-0: Called Strike
1-1: Ball
2-1: Swinging Strike
2-2: Ball
3-2: Ground out 5-3 (Groundball, 56)
Bottom of the 4th over - 0 run(s), 1 hit(s), 0 error(s), 0 left on base; Rutgers 2 - Louisiana State 0
TOP OF THE 5TH
Rutgers Scarlet Knights batting - Pitching for Louisiana State Tigers : RHP Mark Cox
Batting: RHB Howard Battle 0-0: Reached on error, E6 (Groundball, 6)
Batting: LHB Carlos Hernández 0-0: Ball
1-0: Ball
2-0: Swinging Strike
2-1: Foul Ball, location: 2F
2-2: Ball
3-2: Foul Ball, location: 2F
3-2: Strikes out swinging
Pitching: LHP Héctor Torres
Batting: RHB Chris Barker 0-0: Ball
1-0: Called Strike
1-1: Called Strike
1-2: Strikes out looking
Batting: RHB Eric Green 0-0: Ball
1-0: Ball
2-0: Foul Ball, location: 2F
2-1: Ball
3-1: SINGLE (Line Drive, 7LS)
Howard Battle to second
Batting: LHB Zander Rutherford 0-0: Called Strike
0-1: Foul Ball, location: 2F
0-2: Ball
1-2: Ball
2-2: Strikes out swinging
Top of the 5th over - 0 run(s), 1 hit(s), 1 error(s), 2 left on base; Rutgers 2 - Louisiana State 0
BOTTOM OF THE 5TH
Louisiana State Tigers batting - Pitching for Rutgers Scarlet Knights : LHP Júlio Ariza
Batting: RHB Jonathan Jackson 0-0: Swinging Strike
0-1: SINGLE (Line Drive, 6D)
Batting: RHB Jacob Glasspool 0-0: Ball
1-0: Called Strike
1-1: Ball
2-1: Ball
3-1: Swinging Strike
3-2: Foul Ball, location: 2F
3-2: Strikes out swinging
Batting: RHB Tony Young 0-0: Called Strike
0-1: Foul Ball, location: 2F
0-2: Foul Ball, location: 2F
0-2: Ball
1-2: Strikes out looking
Batting: RHB Ernesto Quintero 0-0: Ball
1-0: Ball
2-0: Swinging Strike
2-1: Swinging Strike
2-2: Ball
3-2: Strikes out swinging
Bottom of the 5th over - 0 run(s), 1 hit(s), 0 error(s), 1 left on base; Rutgers 2 - Louisiana State 0
TOP OF THE 6TH
Rutgers Scarlet Knights batting - Pitching for Louisiana State Tigers : LHP Héctor Torres
Batting: RHB Joseph McCarteney 0-0: Ball
1-0: Called Strike
1-1: Fly out, F7 (Flyball, 7)
Batting: RHB Harry Wilkins 0-0: Fly out, F9 (Flyball, 89M)
Batting: RHB Jesús León 0-0: Called Strike
0-1: Ball
1-1: DOUBLE (Line Drive, 9LS)
Batting: LHB Dave Watkins 0-0: SINGLE (Groundball, 34D)
Jesús León to third
Runner from 3rd tries for Home, SAFE, no throw
Batting: RHB Howard Battle 0-0: Called Strike
Dave Watkins steals 2nd base
0-1: SINGLE (Line Drive, 56)
Dave Watkins to third
Runner from 3rd tries for Home, SAFE, no throw
Pitching: RHP Doug Thomas
Batting: LHB Carlos Hernández 0-0: Ball
1-0: Called Strike
1-1: Foul Ball, location: 2F
1-2: Ball
Howard Battle is caught stealing 2nd base
Top of the 6th over - 2 run(s), 3 hit(s), 0 error(s), 0 left on base; Rutgers 4 - Louisiana State 0
BOTTOM OF THE 6TH
Louisiana State Tigers batting - Pitching for Rutgers Scarlet Knights : LHP Júlio Ariza
Batting: RHB Mike Cooley 0-0: Ball
1-0: Ball
2-0: Ball
3-0: Called Strike
3-1: Ground out 6-3 (Groundball, 6)
Pitching: RHP Mark Bullard
Batting: RHB Jeff Buck 0-0: Swinging Strike
0-1: Ball
1-1: Swinging Strike
1-2: Ball
2-2: Ball
3-2: Strikes out swinging
Batting: RHB John Howell 0-0: Fly out, F8 (Flyball, 8LM)
Bottom of the 6th over - 0 run(s), 0 hit(s), 0 error(s), 0 left on base; Rutgers 4 - Louisiana State 0
TOP OF THE 7TH
Rutgers Scarlet Knights batting - Pitching for Louisiana State Tigers : RHP Doug Thomas
Batting: LHB Carlos Hernández 0-0: Ball
1-0: Ball
2-0: Called Strike
2-1: Called Strike
2-2: Foul Ball, location: 2F
2-2: Ball
3-2: Foul Ball, location: 2F
3-2: Base on Balls
Batting: RHB Chris Barker 0-0: Ball
1-0: Ground out 3-1 (Groundball, 34S)
Carlos Hernández to second
Batting: RHB Eric Green 0-0: Intentional Walk
Batting: LHB Zander Rutherford 0-0: Ball
1-0: Called Strike
1-1: Foul Ball, location: 2F
1-2: Ball
2-2: Ball
3-2: Foul Ball, location: 2F
3-2: Fly out, F9 (Flyball, 9)
Batting: RHB Joseph McCarteney 0-0: Foul Ball, location: 2F
0-1: Fly out, F9 (Flyball, 9LS)
Top of the 7th over - 0 run(s), 0 hit(s), 0 error(s), 2 left on base; Rutgers 4 - Louisiana State 0
BOTTOM OF THE 7TH
Louisiana State Tigers batting - Pitching for Rutgers Scarlet Knights : RHP Mark Bullard
Batting: LHB Ronald Wallace 0-0: Fly out, F7 (Line Drive, 7)
Batting: RHB José López 0-0: Ball
1-0: Ball
2-0: Called Strike
2-1: Swinging Strike
2-2: Ball
3-2: Strikes out looking
Batting: RHB Jonathan Jackson 0-0: Ball
1-0: Foul Ball, location: 2F
1-1: Ball
2-1: DOUBLE (Line Drive, 7LS)
Batting: RHB Jacob Glasspool 0-0: Called Strike
0-1: Called Strike
0-2: Strikes out swinging
Bottom of the 7th over - 0 run(s), 1 hit(s), 0 error(s), 1 left on base; Rutgers 4 - Louisiana State 0
TOP OF THE 8TH
Rutgers Scarlet Knights batting - Pitching for Louisiana State Tigers : RHP Doug Thomas
Batting: RHB Harry Wilkins 0-0: Ball
1-0: Called Strike
1-1: Foul Ball, location: 2F
1-2: Ground out 4-3 (Groundball, 4S)
Batting: RHB Jesús León 0-0: Swinging Strike
0-1: Ball
1-1: Ball
2-1: Ball
3-1: Base on Balls
Batting: LHB Dave Watkins 0-0: Foul Ball, location: 2F
0-1: SINGLE (Groundball, 34D)
Jesús León to second
Runner from 2nd tries for 3rd, SAFE, throw made to third
Batting: RHB Howard Battle 0-0: Called Strike
Dave Watkins is caught stealing 2nd base
0-1: Foul Ball, location: 2F
0-2: Foul Ball, location: 2F
0-2: Strikes out swinging
Top of the 8th over - 0 run(s), 1 hit(s), 0 error(s), 1 left on base; Rutgers 4 - Louisiana State 0
BOTTOM OF THE 8TH
Louisiana State Tigers batting - Pitching for Rutgers Scarlet Knights : RHP Mark Bullard
Batting: RHB Tony Young 0-0: Foul Ball, location: 2F
0-1: Ball
1-1: Foul Ball, location: 2F
1-2: Fly out, F6 (Popup, 56)
Batting: RHB Ernesto Quintero 0-0: Ball
1-0: Ball
2-0: Foul Ball, location: 2F
2-1: Ball
3-1: Foul Ball, location: 2F
3-2: Ground out 1-3 (Groundball, 13)
Batting: RHB Mike Cooley 0-0: Ball
1-0: Foul Ball, location: 2F
1-1: Swinging Strike
1-2: Strikes out swinging
Bottom of the 8th over - 0 run(s), 0 hit(s), 0 error(s), 0 left on base; Rutgers 4 - Louisiana State 0
TOP OF THE 9TH
Rutgers Scarlet Knights batting - Pitching for Louisiana State Tigers : RHP Doug Thomas
Pitching: RHP Jed Wilson
Batting: LHB Carlos Hernández 0-0: Called Strike
0-1: Ball
1-1: Ball
2-1: Ground out 5-3 (Groundball, 56)
Batting: RHB Chris Barker 0-0: Ball
1-0: SINGLE (Line Drive, 9S)
Batting: RHB Eric Green 0-0: Fly out, F9 (Flyball, 9LSF)
Batting: LHB Zander Rutherford 0-0: Ball
1-0: Ball
2-0: Called Strike
2-1: Ball
3-1: Foul Ball, location: 2F
3-2: Fly out, F5 (Line Drive, 56)
Top of the 9th over - 0 run(s), 1 hit(s), 0 error(s), 1 left on base; Rutgers 4 - Louisiana State 0
BOTTOM OF THE 9TH
Louisiana State Tigers batting - Pitching for Rutgers Scarlet Knights : RHP Mark Bullard
Batting: RHB Jeff Buck 0-0: Fly out, F7 (Flyball, 7)
Batting: RHB John Howell 0-0: Ball
1-0: Called Strike
1-1: Ground out 4-3 (Groundball, 4)
Batting: LHB Ronald Wallace 0-0: Ball
1-0: Foul Ball, location: 2F
1-1: Ground out 1-3 (Groundball, P)
Bottom of the 9th over - 0 run(s), 0 hit(s), 0 error(s), 0 left on base; Rutgers 4 - Louisiana State 0
Tuesday, August 8th, 2017 - OOTP Baseball 17.12 Build 75